 Dungeon Crawl Stone Soup version 0.21-a0-437-ge5bf024 (webtiles) character file.

628 tilp the Chopper (level 7, -7/66 HPs)
             Began as a Deep Dwarf Berserker on Nov 9, 2017.
             Was a Believer of Trog.
             Mangled by a gnoll
             ... wielding a +0 halberd
              (12 damage)
             ... while paralysed
             ... on level 5 of the Dungeon.
             The game lasted 00:08:10 (3748 turns).

tilp the Chopper (Deep Dwarf Berserker)             Turns: 3748, Time: 00:08:11

Health: -7/66      AC:  4    Str: 22    XL:     7   Next: 23%
Magic:  7/7        EV:  2    Int:  8    God:    Trog [**....]
Gold:   281        SH:  0    Dex: 12    Spells: 6/6 levels left

rFire    . . .     SeeInvis .   a - +0 hand axe
rCold    . . .     Gourm    .   (no shield)
rNeg     . . .     Faith    .   f - +0 leather armour
rPois    .         Spirit   .   (no helmet)
rElec    .         Reflect  .   (no cloak)
rCorr    .         Harm     .   l - +0 pair of gloves
MR       +....                  (no boots)
Stlth    +.........             (no amulet)
HPRegen  0.00/turn              (no ring)
MPRegen  0.10/turn              (no ring)

@: paralysed, berserk cooldown, non-regenerating, slowed
A: damage resistance, heal wounds, sense surroundings 1, no regeneration
a: Heal Wounds, Berserk, Trog's Hand, Burn Spellbooks, Renounce Religion


You were on level 5 of the Dungeon.
You worshipped Trog.
Trog was pleased with you.
You were very hungry.

You visited 1 branch of the dungeon, and saw 5 of its levels.

You collected 281 gold pieces.

Inventory:

Hand Weapons
 a - a +0 hand axe (weapon)
 v - a cursed +0 hunting sling
Missiles
 d - 141 stones (quivered)
 n - 24 sling bullets
Armour
 f - a +0 leather armour (worn)
 l - a +0 pair of gloves (worn)
Jewellery
 o - a +5 amulet of reflection {unknown}
 y - a +3 amulet of reflection {unknown}
 C - a cursed amulet of inaccuracy {unknown}
 D - an uncursed ring of resist corrosion {unknown}
Wands
 x - a wand of paralysis (9/24)
 F - a wand of disintegration (7/24)
Scrolls
 e - 3 scrolls of remove curse {unknown}
 g - 11 scrolls of identify {unknown}
 j - 3 scrolls of blinking {unknown}
 k - a scroll of magic mapping {unknown}
 p - 3 scrolls of amnesia {unknown}
 q - a scroll of recharging {unknown}
 r - a scroll of teleportation {unknown}
 A - a scroll of fear {unknown}
 B - a scroll of immolation {unknown}
 G - 2 scrolls of enchant armour {unknown}
Potions
 b - a potion of agility {unknown}
 h - 4 potions of curing {unknown}
 i - a potion of heal wounds {unknown}
 t - 2 potions of magic {unknown}
 u - a potion of flight {unknown}
 w - a potion of brilliance {unknown}
 z - 2 potions of mutation {unknown}
 H - a potion of lignification {unknown}
Comestibles
 c - 4 bread rations
 m - 9 chunks of flesh
 s - a meat ration
 E - a fruit


   Skills:
 + Level 4.9 Fighting
 * Level 7.8 Axes
 - Level 2.1 Armour
 - Level 2.1 Dodging


You had 6 spell levels left.
You didn't know any spells.

Dungeon Overview and Level Annotations

Branches:
Dungeon (5/15)
 Temple: D:4-7

Altars:
Hepliaklqana
Ru
Yredelemnul


Innate Abilities, Weirdness & Mutations

You are resistant to damage.
You can heal yourself by infusing magical energy.
You passively map a small area around you.
You do not regenerate.


Message History

Things that are here:
a club; a robe You closely miss the gnoll.
The gnoll barely misses you.
The gnoll hits you from afar with an enchanted halberd.
You slash the gnoll!
The gnoll is severely wounded.
You hit the gnoll but do no damage.
The gnoll is severely wounded.
You are no longer berserk.
You pass out from exhaustion.
You feel yourself slow down. The gnoll hits you with a halberd!
The gnoll hits you from afar with an enchanted halberd.
The gnoll hits you with a halberd!
* * * LOW HITPOINT WARNING * * *
The gnoll hits you from afar with an enchanted halberd!
* * * LOW HITPOINT WARNING * * *
The gnoll hits you with a halberd. The gnoll hits you but does no damage.
The gnoll hits you with a halberd!
You die...

#..g÷gg.).#
#########g# #.#
#.# #######g#
#....g..#
#.#######
#.#############
#ggg@.........#
#############.#
*.......<#.#
..........#
###########


You could see 3 gnolls.

Vanquished Creatures
  The ghost of Autsider the Firebug, an amateur GrFE (D:4)
  A centaur (D:2)
  A crimson imp (D:2)
  An orc wizard (D:5)
  2 orc priests
  A gnoll shaman (D:5)
  A worker ant (D:4)
  A hound zombie (D:5)
  A hound skeleton (D:4)
  A gnoll (D:5)
  8 adders
  3 oozes
  An adder skeleton (D:4)
  3 worms
  2 dart slugs
  3 leopard geckos
  5 orcs
  4 bats
  4 giant cockroaches
  5 goblins
  A hobgoblin (D:3)
  18 jackals
  3 quokkas
  2 ball pythons
  3 frilled lizards
  4 kobolds
  12 rats
92 creatures vanquished.

Notes
Turn   | Place    | Note
-------+----------+-------------------------------------------
     0 | D:1      | tilp the Deep Dwarf Berserker began the quest for the Orb.
     0 | D:1      | Reached XP level 1. HP: 20/20 MP: 1/1
    83 | D:1      | Reached XP level 2. HP: 21/27 MP: 2/2
   381 | D:1      | Reached skill level 4 in Axes
  1170 | D:2      | Reached XP level 3. HP: 21/34 MP: 3/3
  1411 | D:2      | Noticed a centaur
  1417 | D:2      | Killed a centaur
  1417 | D:2      | Reached skill level 5 in Axes
  1417 | D:2      | Reached XP level 4. HP: 31/43 MP: 4/4
  1436 | D:2      | Reached XP level 5. HP: 25/50 MP: 5/5
  1603 | D:2      | Reached ** piety under Trog
  1931 | D:3      | Reached skill level 6 in Axes
  2375 | D:3      | Found a hazy altar of Hepliaklqana.
  2483 | D:3      | Found a basalt altar of Yredelemnul.
  2885 | D:4      | Reached XP level 6. HP: 29/57 MP: 6/6
  3118 | D:4      | Found a sacrificial altar of Ru.
  3133 | D:4      | Noticed Autsider's ghost (amateur GrFE)
  3146 | D:4      | Killed Autsider's ghost
  3146 | D:4      | Reached skill level 7 in Axes
  3580 | D:5      | Entered Level 5 of the Dungeon
  3602 | D:5      | Reached XP level 7. HP: 51/66 MP: 7/7
  3748 | D:5      | Mangled by a gnoll

Vault maps used:
D:1:      erik_arrival_gehennom, minmay_hexomino_f4
D:3:      marbit_many_paths, lemuel_doored_altar
D:4:      first_bread, serial_park_tiny_1, nicolae_ru_sacrificial_ziggurat
D:5:      cheibrodos_thug_alley, kennysheep_mini, lemuel_crystal_altar,
          temple_statues

Skill      XL: |  1  2  3  4  5  6 |
---------------+-------------------+-----
Fighting       | 3 4 |  4.9
Axes           | 4 5 6 7 |  7.8
Armour         | |  2.1
Dodging        | |  2.1

Action                   |  1- 3 |  4- 6 |  7- 9 || total
-------------------------+-------+-------+-------++-------
Melee: Hand axe          |    65 |   228 |    30 ||   323
Throw: Stone             |    34 |       |       ||    34
Invok: Berserk           |     1 |     6 |     3 ||    10
       Trog's Hand       |       |     5 |       ||     5
 Stab: Sleeping          |     2 |     1 |       ||     3
  Eat: Chunk             |     2 |    15 |     2 ||    19
Armor: Animal skin       |     3 |       |       ||     3
       Leather armour    |     9 |    58 |    12 ||    79
Dodge: Dodged            |    33 |   134 |    19 ||   186

Table legend:
 A = Spawn XP
 B = Non-spawn XP
 C = Spawn XP percentage of total XP
 D = Spawn monster count
 E = Non-spawn monster count
 F = Spawn count percentage of total count
 G = Total turns spent on level
                    A         B        C        D         E        F      G
               +---------+---------+-------+---------+---------+-------+---------
         Total |       0 |     898 |   0.0 |       0 |      92 |   0.0 |  3748
               +---------+---------+-------+---------+---------+-------+---------
           D:1 |       0 |      37 |   0.0 |       0 |      16 |   0.0 |  1100
           D:2 |       0 |     236 |   0.0 |       0 |      24 |   0.0 |   807
           D:3 |       0 |      95 |   0.0 |       0 |      22 |   0.0 |   888
           D:4 |       0 |     362 |   0.0 |       0 |      20 |   0.0 |   785
           D:5 |       0 |     168 |   0.0 |       0 |      10 |   0.0 |   168
               +---------+---------+-------+---------+---------+-------+---------
